[Event "43rd Indian-chT 2023-24"]
[Site "Dharamsala"]
[Date "2024.03.30"]
[Round "3.6"]
[White "Pranay Chordia"]
[Black "Vignesh N R"]
[Result "0-1"]
[ECO "A45"]
[WhiteElo "1796"]
[BlackElo "2525"]
[Annotator "RC"]
[PlyCount "90"]
[EventDate "2024.03.28"]
[EventType "team-tourn"]
[EventCountry "IND"]
[SourceTitle "playchess.com"]
[Source "ChessBase"]
[SourceQuality "1"]
[TimeControl "5400+30"]

1. d4 Nf6 2. Bf4 g6 3. Nc3 d5 4. e3 Bg7 5. h4 h5 6. Be2 O-O 7. Nf3 c5 8. dxc5 Qa5 9. O-O Qxc5 10. Nb5 Na6 11. c3 Bd7 12. Nbd4 Qb6 13. Qb3 Nc5 14. Qxb6 axb6 15. Ne5 Rfc8 16. Rfc1 Be8 17. b4 Nce4 18. c4 Ra3 19. cxd5 Rxa2 20. Rxc8 Rxa1+ 21. Kh2 Nxf2 22. Bb5 Rh1+ 23. Kg3 N2e4+ 24. Kf3 Nd6 25. Rb8 Nxb5 26. Nxb5 Kh7 27. Nc7 Ba4 28. g3 Rh2 29. e4 Bd1+ 30. Ke3 Re2+ 31. Kd3 Ra2 32. Ne8 Bc2+ 33. Ke3 Nxe4 34. Nxg7 Kxg7 35. Rxb7 Nd6 36. Rc7 Nf5+ 37. Kd2 Be4+ 38. Kc1 Bxd5 39. Nc6 Re2 40. Na7 Nd4 41. Nc8 Ne6 42. Rxe7 Nxf4 43. gxf4 Rxe7 44. Nxe7 Bb7 45. Kd2 Kf8 0-1

[Event "43rd Indian-chT 2023-24"]
[Site "Dharamsala"]
[Date "2024.03.30"]
[Round "3.7"]
[White "Das, Sayantan"]
[Black "Dakshita Kumawat"]
[Result "1-0"]
[ECO "A20"]
[WhiteElo "2502"]
[BlackElo "1854"]
[Annotator "RC"]
[PlyCount "73"]
[EventDate "2024.03.28"]
[EventType "team-tourn"]
[EventCountry "IND"]
[SourceTitle "playchess.com"]
[Source "ChessBase"]
[SourceQuality "1"]
[TimeControl "5400+30"]

1. c4 e5 2. g3 Nf6 3. Bg2 c6 4. Nf3 e4 5. Nd4 d5 6. cxd5 cxd5 7. d3 Bb4+ 8. Bd2 Bxd2+ 9. Qxd2 O-O 10. Nc3 exd3 11. Qxd3 Nc6 12. O-O Qb6 13. Nb3 Be6 14. Na4 Qb4 15. Nac5 Ne5 16. Qd4 Nc4 17. Rac1 Rac8 18. Nd3 Qb5 19. Qh4 a5 20. Nd4 Qb6 21. Rc2 h6 22. e3 Kh7 23. Nxe6 fxe6 24. Rfc1 Nd6 25. Nc5 Nf5 26. Qf4 Rce8 27. Bh3 g6 28. Nxb7 Re7 29. Bxf5 gxf5 30. Nc5 Rg7 31. Qe5 Re7 32. Nd3 Ng4 33. Qd4 Qb8 34. Rc6 Rg8 35. Qb6 Qe8 36. Nf4 h5 37. Rxe6 1-0

[Event "43rd Indian-chT 2023-24"]
[Site "Dharamsala"]
[Date "2024.03.30"]
[Round "3.8"]
[White "Aayush Bhojak"]
[Black "Gusain, Himal"]
[Result "0-1"]
[ECO "D02"]
[WhiteElo "1693"]
[BlackElo "2484"]
[Annotator "ChessBase"]
[PlyCount "80"]
[EventDate "2024.03.28"]
[EventType "team-tourn"]
[EventCountry "IND"]
[SourceTitle "playchess.com"]
[Source "ChessBase"]
[SourceQuality "1"]
[TimeControl "5400+30"]

1. d4 d5 2. Bf4 c5 3. e3 Nf6 4. Nf3 Nc6 5. Nbd2 Nh5 6. dxc5 Nxf4 7. exf4 g6 8. Bb5 Bg7 9. c3 O-O 10. O-O Qc7 11. Nb3 Rd8 12. Re1 Bf6 13. Qd2 a5 14. Nbd4 Na7 15. Bd3 Qxc5 16. f5 Kg7 17. h4 Nc6 18. Rac1 Qd6 19. g4 Kg8 20. g5 Bxd4 21. cxd4 Bxf5 22. Bxf5 gxf5 23. Ne5 e6 24. h5 Nxe5 25. Rxe5 Kg7 26. Rce1 Rg8 27. Qf4 Kf8 28. Kh1 Qd8 29. g6 hxg6 30. Qh6+ Ke7 31. Qh7 Ra6 32. R1e3 Rh8 33. Qg7 Rxh5+ 34. Kg2 Rg5+ 35. Kf3 Rg4 36. Rc3 Re4 37. Rxe4 fxe4+ 38. Ke3 Rc6 39. Rb3 Qc7 40. Qh8 g5 0-1

[Event "43rd Indian-chT 2023-24"]
[Site "Dharamsala"]
[Date "2024.03.31"]
[Round "4.1"]
[White "Krishna C R G"]
[Black "Shyaamnikhil P"]
[Result "1/2-1/2"]
[ECO "D76"]
[WhiteElo "2445"]
[BlackElo "2405"]
[Annotator "TA"]
[PlyCount "63"]
[EventDate "2024.03.28"]
[EventType "team-tourn"]
[EventCountry "IND"]
[SourceTitle "playchess.com"]
[Source "ChessBase"]
[SourceQuality "1"]
[TimeControl "5400+30"]

1. Nf3 Nf6 2. c4 g6 3. g3 Bg7 4. Bg2 O-O 5. O-O d5 6. cxd5 Nxd5 7. d4 Nb6 8. Nc3 Nc6 9. e3 e5 10. d5 Na5 11. b3 e4 12. Nd4 $1 {[%emt 0:00:09] Ba3 is the strong threat.} Nxd5 13. Nxe4 b6 {[%emt 0:00:11][%cal Bb7b6,Bb6c5,Bc5b4,Bb4b3][%mdl 32] [#]} 14. b4 Nxb4 15. Ba3 $1 c5 {[%emt 0:01:08] [#]} 16. Nxc5 bxc5 17. Bxa8 {[%emt 0:00:12] And now Bxb4 would win.} Ba6 $1 18. Bg2 {[%emt 0:00:51][%cal Oa3b4] Bxb4! would now be deadly.} Bxf1 19. Bxf1 Nb7 20. Bxb4 {[%emt 0:00:48][%cal Of1g2] Threatens to win with Bg2!} (20. Bg2 {is more complex.} a5 21. Bxb4 axb4 22. Nc6) 20... Bxd4 21. exd4 cxb4 22. Rb1 Qa5 {[%emt 0:00:59] The position is equal.} 23. Qd2 b3 24. Qxa5 Nxa5 25. axb3 $11 {[%emt 0:00:03][%cal Ba2b3,Bb3b4][%mdl 4128] Endgame. KRB-KRN} Rd8 26. b4 Nc6 27. b5 Nxd4 28. Ra1 Rd7 29. Kg2 Rb7 30. Ra4 Nxb5 31. Bxb5 Rxb5 32. Rxa7 {[%emt 0:00:04] Weighted Error Value: White=0.03 (flawless) /Black=0.01 (flawless) .  OK:         	White=8     	Black=13     Best:        	---       	Black=2      Strong:       	White=2     	Black=1      Brilliant:      	White=1     	---} 1/2-1/2

[Event "43rd Indian-chT 2023-24"]
[Site "Dharamsala"]
[Date "2024.03.31"]
[Round "4.2"]
[White "Vignesh N R"]
[Black "Aronyak Ghosh"]
[Result "1/2-1/2"]
[ECO "D14"]
[WhiteElo "2525"]
[BlackElo "2517"]
[Annotator "TA"]
[PlyCount "61"]
[EventDate "2024.03.28"]
[EventType "team-tourn"]
[EventCountry "IND"]
[SourceTitle "playchess.com"]
[Source "ChessBase"]
[SourceQuality "1"]
[TimeControl "5400+30"]

1. d4 d5 2. c4 c6 3. cxd5 cxd5 4. Nc3 Nc6 5. Nf3 Nf6 6. Bf4 Bf5 7. e3 e6 8. Bd3 Bxd3 9. Qxd3 Bd6 10. Bxd6 Qxd6 11. O-O O-O 12. Rfc1 Rfc8 13. a3 {[%emt 0:00:14] The position is equal.} Ne7 14. Ne2 a6 15. Ne5 Nd7 16. Nxd7 Qxd7 17. h3 Rxc1+ 18. Rxc1 Rc8 19. Rxc8+ Qxc8 20. Qc3 Qxc3 21. Nxc3 $11 {[%emt 0:00:05][%mdl 4096] Endgame. KN-KN} Nf5 22. Kf1 Kf8 23. Ke2 Ke7 24. Kd3 Nd6 25. b3 Kd7 26. Kd2 Kc7 27. Kc2 Kc8 28. Kd3 Kd8 29. Kc2 Kd7 30. Kd3 Kc6 31. Kc2 {[%emt 0:00:01] A rather calm draw.   Weighted Error Value: White=0.00 (flawless) /Black=0.00 (flawless) .  OK:         	White=5     	Black=7} 1/2-1/2

[Event "43rd Indian-chT 2023-24"]
[Site "Dharamsala"]
[Date "2024.03.31"]
[Round "4.4"]
[White "Swapnil, S. Dhopade"]
[Black "Neelash Saha"]
[Result "1/2-1/2"]
[ECO "E05"]
[WhiteElo "2454"]
[BlackElo "2463"]
[Annotator "TA"]
[PlyCount "28"]
[EventDate "2024.03.28"]
[EventType "team-tourn"]
[EventCountry "IND"]
[SourceTitle "playchess.com"]
[Source "ChessBase"]
[SourceQuality "1"]
[TimeControl "5400+30"]

1. d4 Nf6 2. c4 e6 3. Nf3 d5 4. g3 Be7 5. Bg2 O-O 6. O-O dxc4 7. Qc2 a6 8. Qxc4 b5 9. Qc2 Bb7 10. Bd2 Be4 11. Qc1 Bb7 12. Qc2 Be4 {[%emt 0:00:05] The position is equal.} 13. Qc1 Bb7 14. Qc2 Be4 {[%emt 0:00:46] Not much happened in this game.   Weighted Error Value: White=0.08 (flawless) /Black=0.00 (flawless) .  OK:         	---       	Black=2} 1/2-1/2

[Event "43rd Indian-chT 2023-24"]
[Site "Dharamsala"]
[Date "2024.03.31"]
[Round "4.5"]
[White "Adireddy Arjun"]
[Black "Borkhetariya Devarsh M"]
[Result "1-0"]
[ECO "C42"]
[WhiteElo "2299"]
[BlackElo "1840"]
[Annotator "RC"]
[PlyCount "57"]
[EventDate "2024.03.28"]
[EventType "team-tourn"]
[EventCountry "IND"]
[SourceTitle "playchess.com"]
[Source "ChessBase"]
[SourceQuality "1"]
[TimeControl "5400+30"]

1. e4 e5 2. Nf3 Nf6 3. Nxe5 Nxe4 4. Qe2 Qe7 5. Qxe4 d6 6. d4 dxe5 7. dxe5 Nc6 8. f4 Bg4 9. Be2 Bxe2 10. Qxe2 Qh4+ 11. g3 Qh3 12. Be3 O-O-O 13. Nd2 f6 14. exf6 Bb4 15. O-O-O Qe6 16. fxg7 Rhe8 17. Nb3 Qg6 18. Rxd8+ Nxd8 19. Qc4 Qxg7 20. Qxb4 Rxe3 21. Re1 Nc6 22. Qd2 Rxe1+ 23. Qxe1 b6 24. Qe4 Ne7 25. Qa8+ Kd7 26. Qxa7 Nc6 27. Qa4 Qe7 28. Kb1 Qe2 29. Qxc6+ 1-0

[Event "43rd Indian-chT 2023-24"]
[Site "Dharamsala"]
[Date "2024.03.31"]
[Round "4.7"]
[White "Pavan Karthikeya Varma Gunturi"]
[Black "Mukund Hemant Agarwal"]
[Result "1/2-1/2"]
[ECO "B30"]
[WhiteElo "1831"]
[BlackElo "2005"]
[Annotator "NA RC"]
[PlyCount "110"]
[EventDate "2024.03.28"]
[EventType "team-tourn"]
[EventCountry "IND"]
[SourceTitle "playchess.com"]
[Source "ChessBase"]
[SourceQuality "1"]
[TimeControl "5400+30"]

1. e4 c5 2. Nc3 Nc6 3. Bb5 Nd4 4. Nf3 e6 5. a4 a6 6. Bc4 {[%emt 0:01:55] B30: Sizilianisch (Rossolimo-Variante).} Nf6 7. d3 d5 8. Ba2 Bd6 9. Bd2 O-O 10. h3 Bc7 (10... dxe4 $15 11. Nxe4 Nxe4 12. dxe4 b5) 11. exd5 exd5 12. Nxd4 cxd4 13. Ne2 Bd7 14. O-O (14. Bb3 $1 $14) 14... Bb6 (14... Bxa4 $11 15. Nxd4 Qd6) 15. Bb3 a5 16. Bg5 (16. Ng3 $16) 16... Be6 17. Nf4 Qd6 18. Qf3 Nd7 19. Qg3 Bd8 20. Rfe1 Bxg5 21. Qxg5 Nf6 22. Nh5 Nxh5 23. Qxh5 Rac8 $14 24. Qe5 Qc5 25. Re2 Rfe8 26. Rae1 Kf8 27. Qh5 h6 28. Re5 Qd6 29. Qf3 Rcd8 30. R1e2 f6 31. Rh5 Bf7 32. Rf5 Rxe2 33. Qxe2 Re8 34. Qd2 b6 35. Qf4 Re1+ 36. Kh2 Re5 37. g3 Be6 38. Rxe5 Qxe5 39. Qf3 Ke7 40. Kg2 Kd6 41. Qd1 Qf5 42. g4 Qf4 43. c3 f5 44. f3 fxg4 45. fxg4 g6 46. Qe2 h5 47. gxh5 gxh5 48. cxd4 h4 49. Qf3 Qd2+ 50. Kg1 Qe1+ 51. Kg2 Qd2+ 52. Kg1 Qe1+ 53. Kg2 Qd2+ 54. Kg1 Qg5+ 55. Kh2 Qd2+ 1/2-1/2

[Event "43rd Indian-chT 2023-24"]
[Site "Dharamsala"]
[Date "2024.03.31"]
[Round "4.8"]
[White "Jihan Tejas Shah"]
[Black "Yohan Yadav Tarala"]
[Result "1-0"]
[ECO "D36"]
[WhiteElo "2016"]
[BlackElo "1746"]
[Annotator "RC"]
[PlyCount "67"]
[EventDate "2024.03.28"]
[EventType "team-tourn"]
[EventCountry "IND"]
[SourceTitle "playchess.com"]
[Source "ChessBase"]
[SourceQuality "1"]
[TimeControl "5400+30"]

1. d4 d5 2. c4 e6 3. Nc3 Nf6 4. cxd5 exd5 5. Bg5 c6 6. e3 Be7 7. Qc2 O-O 8. Bd3 Nbd7 9. Nge2 Re8 10. O-O Nf8 11. Rae1 Be6 12. f3 Rc8 13. Kh1 N6d7 14. Bxe7 Qxe7 15. e4 dxe4 16. fxe4 c5 17. d5 c4 18. dxe6 Nxe6 19. Ng3 cxd3 20. Qxd3 Ne5 21. Qe2 Nc7 22. Nf5 Qe6 23. Qe3 g6 24. Qg3 Kh8 25. Nd4 Qe7 26. Nf3 Nxf3 27. Rxf3 f5 28. h3 fxe4 29. Rxe4 Qd7 30. Ref4 Ne6 31. Rf7 Re7 32. Qe5+ Kg8 33. Rxe7 Qxe7 34. Nd5 1-0

[Event "43rd Indian-chT 2023-24"]
[Site "Dharamsala"]
[Date "2024.04.01"]
[Round "5.1"]
[White "Borkhetariya Devarsh M"]
[Black "Krishna C R G"]
[Result "0-1"]
[ECO "C01"]
[WhiteElo "1840"]
[BlackElo "2445"]
[Annotator "TA"]
[PlyCount "56"]
[EventDate "2024.03.28"]
[EventType "team-tourn"]
[EventCountry "IND"]
[SourceTitle "playchess.com"]
[Source "ChessBase"]
[SourceQuality "1"]
[TimeControl "5400+30"]

1. e4 e6 2. d4 d5 3. Bd3 c5 4. exd5 exd5 5. Nf3 c4 6. Be2 Nc6 7. b3 cxb3 8. axb3 {[%emt 0:00:04] The position is equal.} Nf6 9. O-O Bd6 10. c4 O-O 11. Bg5 h6 12. Bxf6 Qxf6 13. Nc3 Nb4 14. c5 ({White should play} 14. Qd2 $11) 14... Bxc5 $15 15. Nxd5 Nxd5 $19 16. dxc5 Nf4 {[%emt 0:08:34] [#] Strongly threatening ...Rd8.} 17. Ra2 Bh3 {[%emt 0:12:07][%cal Of8e8] White must now prevent ...Rfe8! Black is more active.} 18. Ne1 (18. gxh3 $2 {too greedy.} Qg6+ $19) (18. Qd6 $17 Qxd6 (18... Nxg2 19. Qxf6 gxf6 20. Ra4 $11) 19. cxd6 Bxg2 20. Re1) 18... Rad8 19. Qb1 (19. Qc2) 19... Qg5 20. Bf3 {[%emt 0:00:41] [#]} Rfe8 $1 21. g3 (21. Rxa7 $142 Bg4 (21... Qxc5 $2 22. Ra4 $17) 22. h4) 21... Bxf1 22. Kxf1 Nd5 {[%emt 0:02:36] Hoping for ...Nc3.} 23. Rxa7 Nc3 24. Qa1 Qxc5 {[%emt 0:02:07] aiming for ...Rd2.} 25. Ra5 b5 26. Qb2 Nd1 27. Qa2 Qc3 28. Nc2 Qxf3 {[%emt 0:00:11] Weighted Error Value: White=1.07/Black=0.30.  Mistake:       	White=5     	---        Inaccurate:     	White=2     	---        OK:         	White=5     	Black=10     Best:        	---       	Black=1      Strong:       	---       	Black=1} 0-1

[Event "43rd Indian-chT 2023-24"]
[Site "Dharamsala"]
[Date "2024.04.01"]
[Round "5.3"]
[White "Mukund Hemant Agarwal"]
[Black "Ghosh, Diptayan"]
[Result "1/2-1/2"]
[ECO "C92"]
[WhiteElo "2005"]
[BlackElo "2559"]
[Annotator "TA"]
[PlyCount "60"]
[EventDate "2024.03.28"]
[EventType "team-tourn"]
[EventCountry "IND"]
[SourceTitle "playchess.com"]
[Source "ChessBase"]
[SourceQuality "1"]
[TimeControl "5400+30"]

1. e4 e5 2. Nf3 Nc6 3. Bb5 a6 4. Ba4 Nf6 5. O-O Be7 6. Re1 b5 7. Bb3 d6 8. c3 O-O 9. h3 a5 10. d4 Bd7 11. Nbd2 a4 12. Bc2 Re8 13. Nf1 h6 14. Ng3 Bf8 15. Be3 Qc8 16. Qd2 Qb7 17. Nh4 b4 (17... Na5 $11) 18. d5 $14 bxc3 19. bxc3 {[%emt 0:00:41][%cal Oa1b1] [#] Black must now prevent Rab1!} (19. dxc6 cxd2 20. cxb7 dxe1=Q+ (20... dxe1=B 21. bxa8=Q Bxf2+ 22. Bxf2 $16) (20... dxe1=R+ $2 21. Rxe1 Rab8 22. Rb1 $19) 21. Rxe1 Rab8 $19) (19. Qxc3 Ne7 $15) 19... Na5 20. Rab1 Qc8 21. Bd3 $36 {[%emt 0:00:53][%mdl 2048] Wards off Nc4. White fights for an advantage.} c5 (21... c6 $14) 22. Nhf5 c4 23. Bc2 Nb3 $1 24. Qe2 (24. Bxb3 axb3 25. Nxg7 (25. axb3 Bxf5 26. exf5 Ra5 $16) 25... Kxg7 $11 (25... Bxg7 26. Bxh6 Nh7 27. axb3 $11)) 24... Nc5 (24... Rb8 $142) 25. Qxc4 {[%emt 0:01:29] White is much more active.} Bxf5 26. exf5 ({Weaker is} 26. Nxf5 Ncxe4 27. Qb4 (27. Qxc8 Rexc8 28. c4 Rxc4 $17) 27... Nxc3 $19 (27... Qxf5 28. f3 $15)) 26... Ra5 27. Kh1 (27. Qb4 $16 Qc7 28. c4) 27... Kh8 (27... Qa8 $11 {keeps the balance.}) 28. Kg1 Kg8 $1 29. Kh1 Kh8 30. Kg1 Kg8 $1 {[%emt 0:01:02] Weighted Error Value: White=0.42/Black=0.19 (very precise) .  Mistake:       	White=1     	Black=4      Inaccurate:     	White=2     	---        OK:         	White=5     	Black=6      Best:        	White=1     	---        Strong:       	---       	Black=3} 1/2-1/2

[Event "43rd Indian-chT 2023-24"]
[Site "Dharamsala"]
[Date "2024.04.01"]
[Round "5.4"]
[White "Neelash Saha"]
[Black "Jihan Tejas Shah"]
[Result "1-0"]
[ECO "E71"]
[WhiteElo "2463"]
[BlackElo "2016"]
[Annotator "RC"]
[PlyCount "101"]
[EventDate "2024.03.28"]
[EventType "team-tourn"]
[EventCountry "IND"]
[SourceTitle "playchess.com"]
[Source "ChessBase"]
[SourceQuality "1"]
[TimeControl "5400+30"]

1. d4 Nf6 2. c4 g6 3. Nc3 Bg7 4. e4 d6 5. h3 O-O 6. Be3 e5 7. d5 Na6 8. g4 Nc5 9. f3 a5 10. h4 c6 11. h5 cxd5 12. cxd5 a4 13. Qd2 Qa5 14. Nge2 b5 15. Ng3 Bd7 16. g5 Ne8 17. Rc1 Nc7 18. Kf2 Rfc8 19. Kg1 b4 20. Nd1 Nb5 21. hxg6 hxg6 22. Bxb5 Qxb5 23. Nf2 Rc7 24. Nd3 Rac8 25. Nxc5 dxc5 26. Qh2 c4 27. Ne2 c3 28. bxc3 b3 29. axb3 axb3 30. Kf2 Qa6 31. Ra1 Qd6 32. Qh7+ Kf8 33. Rhb1 Rb7 34. Rb2 Qc7 35. f4 Qc4 36. f5 gxf5 37. exf5 Qd3 38. Ng3 Rxc3 39. Ra8+ Bc8 40. Rxc8+ Rxc8 41. Nh5 Rc2+ 42. Rxc2 Qxc2+ 43. Kg3 b2 44. Qxg7+ Ke7 45. Qxe5+ Kd8 46. Qd6+ Kc8 47. Qf8+ Kc7 48. d6+ Kc6 49. Qc8+ Kd5 50. Qxc2 b1=Q 51. Nf6+ 1-0

[Event "43rd Indian-chT 2023-24"]
[Site "Dharamsala"]
[Date "2024.04.01"]
[Round "5.5"]
[White "Shyaamnikhil P"]
[Black "Shreyash Singh"]
[Result "1-0"]
[ECO "B18"]
[WhiteElo "2405"]
[BlackElo "1807"]
[Annotator "TA"]
[PlyCount "53"]
[EventDate "2024.03.28"]
[EventType "team-tourn"]
[EventCountry "IND"]
[SourceTitle "playchess.com"]
[Source "ChessBase"]
[SourceQuality "1"]
[TimeControl "5400+30"]

1. e4 c6 2. d4 d5 3. Nc3 dxe4 4. Nxe4 Nf6 5. Nc3 Bf5 6. Nf3 e6 7. Bd3 Bxd3 8. Qxd3 Bd6 9. O-O {[%emt 0:00:27] The position is equal.} O-O 10. Bg5 Nbd7 11. Rfe1 Be7 12. Qe2 Nd5 13. Bd2 Nxc3 14. Bxc3 Nf6 15. Rad1 Qb6 16. Ne5 Rad8 17. Rd3 c5 ({Better is} 17... Nd5 $11 18. Qe4 Nxc3 19. bxc3 Qb2) 18. dxc5 $14 Qxc5 19. Rg3 g6 20. Rh3 Nd5 $2 {[%emt 0:06:14] [#] Loses the game.} (20... Rd5 $14) 21. Qh5 $3 $18 Nf6 22. Qh6 {[%emt 0:00:18][%cal Oe5g4] Threatens to win with Ng4!} Rfe8 23. Ng4 Qf5 (23... Rd4) 24. Nxf6+ {[%emt 0:04:12] White is clearly winning.} Bxf6 25. Qxh7+ Kf8 26. Rf3 Bxc3 27. bxc3 {[%emt 0:00:13] Weighted Error Value: White=0.06 (flawless) /Black=0.35.  Loses game:     	---       	Black=1      Mistake:       	---       	Black=2      Inaccurate:     	White=1     	Black=1      OK:         	White=5     	Black=4      Best:        	---       	Black=2      Brilliant:      	White=1     	---} 1-0

[Event "43rd Indian-chT 2023-24"]
[Site "Dharamsala"]
[Date "2024.04.01"]
[Round "5.6"]
[White "Bharat Bansal"]
[Black "Vignesh N R"]
[Result "0-1"]
[ECO "B90"]
[WhiteElo "1761"]
[BlackElo "2525"]
[Annotator "RC"]
[PlyCount "114"]
[EventDate "2024.03.28"]
[EventType "team-tourn"]
[EventCountry "IND"]
[SourceTitle "playchess.com"]
[Source "ChessBase"]
[SourceQuality "1"]
[TimeControl "5400+30"]

1. e4 c5 2. Nf3 d6 3. d4 cxd4 4. Nxd4 Nf6 5. Nc3 a6 6. Be3 e5 7. Nb3 Be6 8. f3 h5 9. Qd2 Nbd7 10. O-O-O Rc8 11. Kb1 Be7 12. Nd5 Nxd5 13. exd5 Bf5 14. Bd3 Bxd3 15. Qxd3 Bg5 16. Bf2 h4 17. Rhe1 O-O 18. g3 f5 19. gxh4 Bxh4 20. Qf1 Qg5 21. Bxh4 Qxh4 22. Qg2 Rf6 23. Rg1 Qh7 24. Qd2 f4 25. Qg2 Rh6 26. Rd2 Nb6 27. Qg5 Kf8 28. Rdg2 Nxd5 29. Qxg7+ Qxg7 30. Rxg7 Ne7 31. R7g2 Kf7 32. Nd2 Rch8 33. Ne4 Nf5 34. h3 d5 35. Rg5 Rh5 36. Nf2 Rxg5 37. Rxg5 Kf6 38. Rg1 Nd4 39. Rd1 Nxf3 40. Rxd5 Ke6 41. Rd3 Ng5 42. Rd1 e4 43. Rh1 e3 44. Nd3 Rh4 45. Re1 Kf5 46. Kc1 Rxh3 47. Kd1 f3 48. Rxe3 f2 49. Re5+ Kf6 50. Nxf2 Kxe5 51. Nxh3 Nxh3 52. Kd2 Kd4 53. c3+ Ke4 54. Kc2 Nf4 55. b4 b5 56. Kb3 Kd3 57. a4 Nd5 0-1

[Event "43rd Indian-chT 2023-24"]
[Site "Dharamsala"]
[Date "2024.04.01"]
[Round "5.7"]
[White "Swapnil, S. Dhopade"]
[Black "Prakhar Tripathi"]
[Result "1-0"]
[ECO "E12"]
[WhiteElo "2454"]
[BlackElo "1599"]
[Annotator "TA"]
[PlyCount "55"]
[EventDate "2024.03.28"]
[EventType "team-tourn"]
[EventCountry "IND"]
[SourceTitle "playchess.com"]
[Source "ChessBase"]
[SourceQuality "1"]
[TimeControl "5400+30"]

1. d4 Nf6 2. c4 e6 3. Nf3 b6 4. a3 Bb7 5. Nc3 Be7 6. d5 O-O 7. e4 d6 8. Be2 a5 9. Nd4 e5 10. Nf5 Ne8 {[%emt 0:06:35] White is better.} 11. h4 {[%emt 0:02:03] White has more active pieces. Black is weak on the light squares} Bc8 12. Qd3 Bxf5 13. exf5 Na6 14. Qh3 Nc5 15. Be3 Nf6 (15... g6 $16 16. O-O-O Bf6) 16. g4 $18 Nfd7 17. g5 f6 (17... Nb3 $142) 18. O-O-O Kh8 (18... Nb3+ $142 19. Kb1 Ndc5) 19. Rdg1 {[%emt 0:03:05][%cal Bd1g1,Bg1g3,Bg3g6][%mdl 32] g6 is the strong threat.} Rg8 20. Rg3 Nf8 $2 (20... e4 {might work better.} 21. Kb1 Re8) 21. g6 Ncd7 22. gxh7 Nxh7 23. Rg6 {[%emt 0:00:04] Hoping for h5.} Bf8 (23... Ndf8 $142 24. Rgg1 Qe8) 24. Ne4 {[%emt 0:06:19][%cal Oe4g5] Intending Ng5! and mate.} Rc8 {[%emt 0:00:50] [#]} 25. Ng5 $1 {[%emt 0:01:25][%cal Rg5f7][%mdl 512] White mates.} Qe7 {[%emt 0:01:21] [#]} (25... Qe8 26. Qg4) 26. Qg4 $1 fxg5 27. hxg5 c6 {[%emt 0:00:31] [#]} 28. Rxh7+ $1 {[%emt 0:00:11][%mdl 512] Black did not feel at home in the position after the opening.   Weighted Error Value: White=0.17 (very precise) /Black=0.80.  Mistake:       	---       	Black=4      Inaccurate:     	---       	Black=3      OK:         	White=10    	Black=3      Best:        	White=1     	---} 1-0

[Event "43rd Indian-chT 2023-24"]
[Site "Dharamsala"]
[Date "2024.04.01"]
[Round "5.8"]
[White "Maaz Iqubal"]
[Black "Gusain, Himal"]
[Result "0-1"]
[ECO "B46"]
[WhiteElo "1729"]
[BlackElo "2484"]
[Annotator "TA"]
[PlyCount "92"]
[EventDate "2024.03.28"]
[EventType "team-tourn"]
[EventCountry "IND"]
[SourceTitle "playchess.com"]
[Source "ChessBase"]
[SourceQuality "1"]
[TimeControl "5400+30"]

1. e4 c5 2. Nf3 e6 3. d4 cxd4 4. Nxd4 Nc6 5. Nc3 a6 6. Be3 Nf6 7. Qd2 e5 8. Nf5 {[%emt 0:08:52] next Nd6+ is good for White.} d5 $1 9. exd5 (9. Nxd5 $2 {is the wrong capture.} Nxe4 10. Qd3 Bxf5 $19) 9... Nb4 {[%emt 0:00:19] White has an edge.} 10. Ng3 (10. g4 {seems wilder.} Nbxd5 11. Bg2 Nxe3 12. Qxd8+ Kxd8 13. Nxe3 Nxg4 14. O-O-O+) 10... Nfxd5 11. Nxd5 (11. O-O-O $5 Be6 $8 12. Nge4 $11) 11... Qxd5 12. Qxd5 Nxd5 13. O-O-O Nxe3 14. fxe3 Bc5 15. e4 Be6 16. Kb1 g6 17. Bd3 h5 {[%emt 0:02:53] White is weak on the dark squares} 18. h4 O-O-O 19. Rdf1 Rhf8 {[%emt 0:05:12] Black is more active.} 20. Rf6 Rd6 {[%emt 0:04:16][%cal Oe6a2] aiming for ...Bxa2+!} 21. Rhf1 Rb6 22. R6f3 Be7 23. Rh1 Ba3 24. b3 Rc6 $36 {[%emt 0:09:20][%mdl 2048] Black has strong initiative.} 25. Rhf1 Be7 26. Rh1 b5 27. Kb2 Bg4 28. Rff1 Bc5 29. Kb1 Rd6 30. Kb2 (30. Ne2 $17 {was necessary.}) 30... Bd4+ {[%emt 0:02:19] This pair of bishops is nice.} 31. Kb1 Bc5 32. Kb2 Kd7 33. Be2 Be6 (33... Bxe2 $19 34. Nxe2 Ke7) 34. Rd1 $17 Bf2 35. Rxd6+ Kxd6 36. Nf1 Kc5 37. g3 $2 {[%emt 0:00:46] This move loses the game for White.} (37. c3 $17) 37... Rd8 (37... f5 $142 38. exf5 Bd5 (38... Bxf5 $2 39. Rh2 $19) (38... Rxf5 $2 39. Nd2 $19) (38... gxf5 39. Rh2 $15)) 38. Rh2 $19 {[%emt 0:00:42] [#]} Be1 39. Bd3 (39. Bf3 $142) 39... b4 40. Re2 (40. Kc1 $17 {keeps fighting.}) 40... Bc3+ 41. Kc1 a5 42. Ne3 Bd4 ({Don't play} 42... Kd4 43. Ba6 $19) 43. Nc4 a4 44. Kd2 $2 (44. Rg2) 44... axb3 45. axb3 Ra8 46. Ne3 $2 {[%emt 0:01:15] [#]} (46. Rg2 $19) 46... Bc3+ {[%emt 0:00:08] Weighted Error Value: White=0.40/Black=0.20 (precise) .  Mistake:       	White=6     	Black=2      Inaccurate:     	White=5     	Black=1      OK:         	White=13    	Black=14     Best:        	White=2     	Black=3      Strong:       	---       	Black=1} 0-1